[Event "6th Karoun Masters Cup 2019"]
[Site "Ahvaz"]
[Date "2019.02.27"]
[Round "9.4"]
[White "Khademi, Mohammad Miran"]
[Black "Khodashenas, Mersad"]
[Result "1-0"]
[ECO "B20"]
[WhiteElo "2298"]
[BlackElo "2455"]
[Annotator "ChessBase"]
[PlyCount "89"]
[EventDate "2019.02.21"]
[EventType "swiss"]
[EventRounds "9"]
[EventCountry "IRI"]
[SourceTitle "playchess.com"]
[Source "ChessBase"]
[SourceQuality "1"]
[TimeControl "5400+30"]

1. e4 c5 2. Ne2 e6 3. Nbc3 Nc6 4. g3 Nf6 5. Bg2 d5 6. exd5 exd5 7. d4 Bg4 8. h3 cxd4 9. Nxd5 Nxd5 10. hxg4 Bb4+ 11. c3 dxc3 12. O-O Nde7 13. Qb3 cxb2 14. Bxb2 O-O 15. Nf4 Bd6 16. Rad1 Qc7 17. Ne6 fxe6 18. Qxe6+ Kh8 19. Rxd6 Rad8 20. Rfd1 Rxd6 21. Rxd6 Qb6 22. Rd2 Ng6 23. Qe2 Qc7 24. f4 Qc8 25. Kh2 Rd8 26. f5 Re8 27. Qd1 Nge5 28. Bxc6 Qxc6 29. Bxe5 Rxe5 30. Rd8+ Re8 31. Qd6 Rg8 32. Rxg8+ Kxg8 33. Qxc6 bxc6 34. g5 Kf7 35. g4 Ke7 36. Kg3 Kd6 37. Kf4 Kd5 38. a4 c5 39. a5 c4 40. Ke3 Ke5 41. Kd2 h5 42. f6 gxf6 43. g6 Ke6 44. gxh5 f5 45. Kc3 1-0

[Event "6th Karoun Masters Cup 2019"]
[Site "Ahvaz"]
[Date "2019.02.27"]
[Round "9.6"]
[White "Gholami Orimi, Mahdi"]
[Black "Nadimifar, Adnan"]
[Result "1-0"]
[ECO "A41"]
[WhiteElo "2375"]
[BlackElo "2241"]
[Annotator "NA"]
[PlyCount "79"]
[EventDate "2019.02.21"]
[EventType "swiss"]
[EventRounds "9"]
[EventCountry "IRI"]
[SourceTitle "playchess.com"]
[Source "ChessBase"]
[SourceQuality "1"]
[TimeControl "5400+30"]

1. d4 d6 2. Nf3 Bg4 3. c4 Bxf3 4. exf3 c6 5. Nc3 g6 6. Be3 Bg7 7. h4 Nf6 8. g4 h5 9. Bd3 Qc8 10. g5 Ng8 11. f4 e6 12. d5 Ne7 13. dxe6 Qxe6 14. Qd2 O-O 15. O-O-O Na6 16. Rhe1 Qd7 17. Ne4 Rfd8 18. Ng3 d5 19. f5 dxc4 20. Bxc4 Nd5 21. Bd4 b5 22. Bb3 Nac7 23. Bxg7 Kxg7 24. Qd4+ Kh7 25. Bc2 c5 26. Qd3 Qc6 27. fxg6+ fxg6 28. Nxh5 Rf8 29. Nf6+ Rxf6 30. gxf6 Qxf6 31. Rg1 Nf4 32. Qd7+ Qg7 33. Bxg6+ Nxg6 34. Qxg7+ Kxg7 35. h5 Kf6 36. Rxg6+ Kf5 37. Rd7 Ne8 38. Rf7+ Ke5 39. Rf8 Nc7 40. Rxa8 1-0